 Dungeon Crawl Stone Soup version 0.18-a0-1805-g8ab820f (webtiles) character file.

36 MovingMist the Skirmisher (level 3, 0/29 HPs)
             Began as a Demonspawn Abyssal Knight on Apr 27, 2016.
             Was a Follower of Lugonu.
             Slain by a worm (7 damage)
             ... on level 2 of the Dungeon.
             The game lasted 00:03:23 (835 turns).

MovingMist the Skirmisher (DsAK)                     Turns: 835, Time: 00:03:24

Health: 0/29       AC:  4    Str: 13    XL:     3   Next: 19%
Magic:  5/5        EV: 13    Int: 13    God:    Lugonu [*.....]
Gold:   94         SH:  0    Dex: 12    Spells: 0 memorised, 2 levels left

rFire  . . .     SeeInvis .     a - +2 hand axe
rCold  . . .     Gourm    .     b - +1 leather armour
rNeg   . . .     Faith    .     (no shield)
rPois  .         Spirit   .     (no helmet)
rElec  .         Dismiss  .     (no cloak)
rCorr  .         Reflect  .     (no gloves)
SustAt .         Harm     .     (no boots)
MR     .....     Rnd*Tele +     (no amulet)
Stlth  +.........               (no ring)
                                g - ring of teleportation

@: not resistant to hostile enchantments, very unstealthy
A: repulsion field 1
a: Depart the Abyss, Renounce Religion


You were on level 2 of the Dungeon.
You worshipped Lugonu.
Lugonu was aware of your devotion.
You were not hungry.

You visited 1 branch of the dungeon, and saw 2 of its levels.
You visited the Abyss 1 time.

You collected 94 gold pieces.

Inventory:

Hand Weapons
 a - a +2 hand axe (weapon)
Armour
 b - a +1 leather armour (worn)
Jewellery
 g - a ring of teleportation (left hand)
 j - an uncursed ring of see invisible {unknown}
Scrolls
 h - a scroll of random uselessness {unknown}
Potions
 e - a potion of ambrosia {unknown}
 k - 2 potions of haste {unknown}
Comestibles
 c - a bread ration
 f - a slice of pizza
 i - 3 fruits


   Skills:
 + Level 3.6 Fighting
 + Level 2.1 Axes
 - Level 1.7 Armour
 + Level 1.3 Dodging
 + Level 2.9 Invocations


You had 2 spell levels left.
You didn't know any spells.

Dungeon Overview and Level Annotations

Branches:
Dungeon (2/15)

Altars:
Cheibriados


Innate Abilities, Weirdness & Mutations

You are surrounded by a mild repulsion field (EV +2).


Message History

Your surroundings suddenly seem different.
A worm comes into view.
A kobold comes into view.
Found a ring mail.
The kobold throws a stone.
The stone misses you.
Found a snail-covered altar of Cheibriados.
The kobold barely misses you.
You hit the kobold.
You kill the kobold!
Lugonu accepts your kill.
You see here a ring mail.
You start resting.
You see here a ring mail.
The worm bites you but does no damage.
You hit the worm.
The worm is lightly wounded.
You hit the worm.
The worm is moderately wounded.
The worm bites you!
You die...

...########
#......... #
#..# .._.# #
#..###...##### .
#............###
.
#..............#
. #.#
#.[........ #
#.####@####.#..#
. #....w.# .
######## . .


You could see a worm.

Vanquished Creatures
  An adder (D:2)
  2 dart slugs (D:1)
  3 ball pythons
  3 goblins (D:1)
  A hobgoblin (D:2)
  5 jackals (D:1)
  3 kobolds
  A bat (D:1)
  4 giant newts (D:1)
23 creatures vanquished.

Notes
Turn   | Place    | Note
--------------------------------------------------------------
     0 | Abyss:1  | MovingMist the Demonspawn Abyssal Knight began the quest for the Orb.
     0 | Abyss:1  | Reached XP level 1. HP: 18/18 MP: 2/2
     0 | Abyss:1  | Found an iron altar of Okawaru.
    44 | Abyss:1  | Noticed a hell hound
    47 | D:1      | Escaped the Abyss
    73 | D:1      | Reached skill level 1 in Dodging
    73 | D:1      | Gained mutation: You are surrounded by a mild repulsion field (EV +2). [demonic ancestry]
    73 | D:1      | Reached XP level 2. HP: 23/24 MP: 4/4
   108 | D:1      | Reached * piety under Lugonu
   736 | D:2      | Reached XP level 3. HP: 13/29 MP: 5/5
   767 | D:2      | HP: 1/29 [poisoned by an adder]
   819 | D:2      | Found a snail-covered altar of Cheibriados.
   835 | D:2      | Slain by a worm

Vault maps used:
D:1:      dpeg_arrival_pits, minmay_misc_feat_x
D:2:      tso_oasis_becter, cheibriados_altar_1
Abyss:1:  bh_abyss_exit_choice

Skill      XL: |  1  2 |
---------------+-------+-----
Dodging        | 1 |  1.3
Axes           | 2 |  2.1
Fighting       | |  3.6
Armour         | |  1.7
Invocations    | |  2.9

Action                   || total
-------------------------++-------
Melee: Hand axe          ||    73
Invok: Depart the Abyss  ||     1
  Use: Scroll            ||     5
Armor: Leather armour    ||    22
Dodge: Dodged            ||    59
